 Dungeon Crawl Stone Soup version 0.22-a0-419-g492bfec (webtiles) character file.

431 Megalobster the Skirmisher (level 6, 0/52 (53) HPs)
             Began as a Ghoul Fighter on May 15, 2018.
             Slain by Duvessa
             ... wielding a +0 short sword
              (10 damage)
             ... on level 4 of the Dungeon on May 16, 2018.
             The game lasted 00:12:22 (3204 turns).

Megalobster the Skirmisher (Ghoul Fighter)          Turns: 3204, Time: 00:12:23

HP:   0/52 (53)     AC: 11    Str: 21    XL:     6   Next: 99%
MP:   5/5           EV:  7    Int:  4    God:
Gold: 206           SH:  9    Dex:  8    Spells: 5/5 levels left

rFire    . . .     SeeInvis +   a - +0 war axe
rCold    + + .     Gourm    .   c - +0 shield
rNeg     + + +     Faith    .   t - +1 scale mail {rC+}
rPois    ∞         Spirit   .   A - +0 helmet
rElec    .         Reflect  .   (no cloak)
rCorr    .         Harm     .   v - +0 pair of gloves
MR       .....                  n - +0 pair of boots
Stlth    ..........             (no amulet)
HPRegen  0.00/turn              o - ring of see invisible
MPRegen  0.09/turn              r - ring of loudness (curse)

@: rotting, hasted, very quick
A: rotting body, claws 1, carnivore, cold resistance 1, negative energy
resistance 3, inhibited regeneration, torment resistance, unbreathing
a: no special abilities


You were on level 4 of the Dungeon.
You were not hungry.

You visited 1 branch of the dungeon, and saw 4 of its levels.

You collected 206 gold pieces.

Inventory:

Hand Weapons
 a - a +0 war axe (weapon)
 x - a +2 dagger of venom
 y - a +0 hunting sling
Missiles
 k - 26 sling bullets
 l - 118 stones (quivered)
Armour
 b - a +0 scale mail
 c - a +0 shield (worn)
 n - a +0 pair of boots (worn)
 q - a +0 scale mail
 t - a +1 scale mail of cold resistance (worn)
 v - a +0 pair of gloves (worn)
 A - a +0 helmet (worn)
Jewellery
 o - a ring of see invisible (left hand)
 r - a cursed ring of loudness (right hand)
Scrolls
 e - 2 scrolls of blinking
 h - 3 scrolls of teleportation
 j - a scroll of amnesia {unknown}
 p - a scroll of remove curse {unknown}
 w - a scroll of enchant weapon {unknown}
Potions
 g - a potion of haste
 i - a potion of flight {unknown}
 m - a potion of magic
 s - a potion of mutation {unknown}
 u - 2 potions of lignification
 z - a potion of heal wounds {unknown}
Comestibles
 d - 3 chunks of flesh
 f - 4 rations


   Skills:
 + Level 4.7 Fighting
 * Level 4.3 Axes
 + Level 3.9 Armour
 + Level 3.8 Shields


You had 5 spell levels left.
You didn't know any spells.
Your spell library contained the following spells:

 Spells                   Type           Power        Failure   Level  Hunger
 Confuse                  Hex            #.......     100%        3    ####...
 Confusing Touch          Hex            #.....       100%        1    ##.....
 Metabolic Englaciation   Hex/Ice        #.........   100%        5    ######.
 Petrify                  Tmut/Erth      #.......     100%        4    #####..
 Gell's Gravitas          Tloc           #.........   100%        3    ####...
 Yara's Violent Unravell  Hex/Tmut       #.........   100%        5    ######.


Dungeon Overview and Level Annotations

Branches:
Dungeon (4/15)
 Temple: D:4-7

Altars:
Dithmenos
Qazlal
Xom
Beogh

Annotations:
D:4 Duvessa


Innate Abilities, Weirdness & Mutations

Your body is rotting away.
You thrive on raw meat.
You are immune to poison.
You have sharp fingernails.
You are carnivorous and can eat meat at any time.
Your flesh is cold resistant. (rC+)
You are immune to negative energy. (rN+++)
You do not regenerate when monsters are visible.
You are immune to unholy pain and torment.
You can survive without breathing.


Message History

Duvessa is severely wounded.
Duvessa hits you with a short sword.
You take 5 damage, and have 27/52 hp.
You hit Duvessa but do no damage.
Duvessa is severely wounded.
Duvessa hits you but does no damage. Duvessa hits you with a short sword!
You take 11 damage, and have 16/52 hp.
MASSIVE DAMAGE!!
Your shield prevents you from hitting Duvessa.
Duvessa is severely wounded.
You block Duvessa's attack.
You barely miss Duvessa.
Duvessa is severely wounded.
Duvessa hits you with a short sword.
* * * LOW HITPOINT WARNING * * *
You block Duvessa's attack.
You take 6 damage, and have 10/52 hp.
You hit Duvessa.
Duvessa is severely wounded.
Duvessa hits you with a short sword!
You die...

## ## #.###. #.#.#
#..### #....#
#)##.# #@##.#
#e##.# #.##.#
#.##.# #.##.#####
..##.....## ######
########.##.#.....
#########.##.#.....
#..................


You could see Duvessa (berserk).

Vanquished Creatures
  Dowan (D:4)
  2 orc priests (D:3)
  2 orc wizards (D:3)
  Terence (D:2)
  A worker ant (D:4)
  A hound skeleton (D:4)
  11 adders
  2 worms
  4 dart slugs
  A leopard gecko (D:1)
  10 orcs (D:3)
  8 bats
  3 giant cockroaches
  9 goblins
  11 hobgoblins
  5 jackals
  2 quokkas
  2 ball pythons
  2 frilled lizards (D:1)
  9 kobolds
  9 rats
96 creatures vanquished.

Notes
Turn   | Place    | Note
-------+----------+-------------------------------------------
     0 | D:1      | Megalobster the Ghoul Fighter began the quest for the Orb.
     0 | D:1      | Reached XP level 1. HP: 19/19 MP: 0/0
    65 | D:1      | Reached XP level 2. HP: 24/26 MP: 1/1
   446 | D:1      | Reached XP level 3. HP: 20/31 MP: 2/2
   954 | D:2      | Found a faded altar of an unknown god.
  1216 | D:2      | Reached XP level 4. HP: 34/40 MP: 3/3
  1382 | D:2      | Noticed Terence
  1396 | D:2      | Killed Terence
  1993 | D:3      | Reached XP level 5. HP: 46/46 MP: 4/4
  2182 | D:3      | Found a roughly hewn altar of Beogh.
  2198 | D:3      | Reached XP level 6. HP: 34/53 MP: 5/5
  2501 | D:3      | Found a stormy altar of Qazlal.
  2501 | D:3      | Found a shadowy altar of Dithmenos.
  2533 | D:3      | Found a faded altar of an unknown god.
  2535 | D:3      | Found a faded altar of an unknown god.
  2537 | D:3      | Found a shimmering altar of Xom.
  3180 | D:4      | Noticed Duvessa
  3181 | D:4      | Noticed Dowan
  3199 | D:4      | Killed Dowan
  3204 | D:4      | Slain by Duvessa

Vault maps used:
D:1:      dpeg_arrival_chase
D:2:      chequers_ecumenical_altar_island, minmay_small_reverse_x, uniq_terence
D:3:      chequers_temple_overflow_minitemple, dk_vineyard_3,
          kennysheep_orc_chapel
D:4:      hangedman_minor_gate_pass, uniq_duvessa

Skill      XL: |  1  2  3  4  5  6 |
---------------+-------------------+-----
Axes           | 2 3 4 |  4.3
Armour         | 3 |  3.9
Shields        | 3 |  3.8
Fighting       | 4 |  4.7

Action                   |  1- 3 |  4- 6 || total
-------------------------+-------+-------++-------
Melee: War axe           |   100 |   249 ||   349
Throw: Stone             |     5 |     3 ||     8
  Use: Potion            |     1 |     1 ||     2
       Scroll            |       |     5 ||     5
  Eat: Chunk             |     4 |    11 ||    15
Armor: Scale mail        |    50 |   145 ||   195
Dodge: Dodged            |    25 |    75 ||   100
Block: Shield            |    45 |   131 ||   176

Table legend:
 A = Spawn XP
 B = Non-spawn XP
 C = Spawn XP percentage of total XP
 D = Spawn monster count
 E = Non-spawn monster count
 F = Spawn count percentage of total count
 G = Total turns spent on level
                    A         B        C        D         E        F      G
               +---------+---------+-------+---------+---------+-------+---------
         Total |       0 |     616 |   0.0 |       0 |      96 |   0.0 |  3204
               +---------+---------+-------+---------+---------+-------+---------
           D:1 |       0 |      44 |   0.0 |       0 |      24 |   0.0 |   954
           D:2 |       0 |     108 |   0.0 |       0 |      21 |   0.0 |   885
           D:3 |       0 |     323 |   0.0 |       0 |      44 |   0.0 |  1084
           D:4 |       0 |     141 |   0.0 |       0 |       7 |   0.0 |   281
               +---------+---------+-------+---------+---------+-------+---------
